 Dungeon Crawl Stone Soup version 0.20-a0-1118-g35a2cd3 (webtiles) character file.

920 Banto the Insei (level 8, 0/64 HPs)
             Began as a Naga Transmuter on May 10, 2017.
             Was an Initiate of Cheibriados.
             Slain by a mummy (13 damage)
             ... in an ossuary.
             The game lasted 00:08:14 (5393 turns).

Banto the Insei (Naga Transmuter)                   Turns: 5393, Time: 00:08:14

Health: 0/64       AC:  3    Str: 13    XL:     8   Next: 10%
Magic:  6/9        EV: 10    Int: 19    God:    Cheibriados [......]
Gold:   298        SH:  0    Dex: 13    Spells: 6/11 levels left

rFire    . . .     SeeInvis +     - Unarmed
rCold    . . .     Gourm    .   (no shield)
rNeg     . . .     Faith    .   b - +0 robe
rPois    +         Spirit   .   (helmet restricted)
rElec    .         Reflect  .   (no cloak)
rCorr    .         Harm     .   (no gloves)
MR       +....                  (no barding)
Stlth    +.........             (no amulet)
Regen    0.2/turn               (no ring)
MPRegen  0.2/turn               (no ring)

@: very slow
A: antennae 1, see invisible, clever 1, deformed body, low mp 1, poison
resistance, slowness 2, slow metabolism 1, spit poison 2, AC +2
a: Breathe Poison Gas, Bend Time, Renounce Religion


You were in an ossuary.
You worshipped Cheibriados.
Cheibriados was noncommittal.
You were hungry.

You visited 2 branches of the dungeon, and saw 7 of its levels.
You also visited: Ossuary.

You collected 298 gold pieces.

Inventory:

Missiles
 a - 89 arrows
Armour
 b - a +0 robe (worn)
 o - a cursed +0 ring mail
 t - a +0 helmet
Wands
 p - a wand of lightning (8/15)
Scrolls
 f - a scroll of recharging
 m - a scroll of teleportation
 q - 2 scrolls of enchant weapon
 s - 4 scrolls of identify
Potions
 e - a potion of heal wounds
 h - 2 potions of cancellation
 j - a potion of brilliance
 l - 3 potions of flight
Books
 c - a book of Changes

   Spells                             Type                      Level
   a - Beastly Appendage              Transmutation                1
   b - Sticks to Snakes               Transmutation                2
   c - Spider Form                    Transmutation/Poison         3
   d - Ice Form                       Ice/Transmutation            4
   e - Blade Hands                    Transmutation                5
Comestibles
 d - 7 bread rations
 g - 4 meat rations
 i - 2 royal jellies
 k - 2 fruits
 n - 4 chunks of flesh


   Skills:
 - Level 1.0 Fighting
 - Level 1.5 Dodging
 + Level 7.0 Unarmed Combat
 - Level 2.0 Spellcasting
 + Level 6.7 Transmutations


You had 6 spell levels left.
You knew the following spells:

 Your Spells              Type           Power        Failure   Level  Hunger
b - Sticks to Snakes      Tmut           ####....     1%          2    ###....
c - Spider Form           Tmut/Pois      ##........   13%         3    ###....


Dungeon Overview and Level Annotations

Branches:
Dungeon (6/15)             Temple (1/1) D:5

Altars:
Cheibriados
Uskayaw
The Shining One


Innate Abilities, Weirdness & Mutations

You cannot wear boots.
Your serpentine skin is tough. (AC +2)
You have supernaturally acute eyesight. (SInv)
Armour fits poorly on your strangely shaped body.
Your system is resistant to poisons. (rPois)
You cover ground very slowly.
You have a slow metabolism.
You can exhale a cloud of poison.
You have a pair of small antennae on your head.
Your mind is acute. (Int +2)
Your magical capacity is low. (-10% MP)


Message History

Your ball python bites the mummy.
Your ball python constricts the mummy.
The mummy hits you.
You take 1 damage, and have 29/64 hp.
You hit the mummy.
You destroy the mummy!
Cheibriados appreciates the change of pace.
Your Unarmed Combat skill increases to level 7!
Your ball python bites the mummy but does no damage.
Your ball python constricts the mummy.
The mummy hits you!
* * * LOW HITPOINT WARNING * * *
You take 17 damage, and have 12/64 hp.
MASSIVE DAMAGE!!
You hit the mummy but do no damage.
The mummy is moderately damaged.
Your ball python bites the mummy but does no damage.
Your ball python constricts the mummy.
You punch the mummy!
The mummy is severely damaged.
Your ball python bites the mummy.
Your ball python constricts the mummy.
The mummy hits you!
You die...

###
#..######
##......#
#..MS.∩.+
##.M@...#
#..######
###


You could see 2 mummies and a friendly ball python.

Vanquished Creatures
  A sky beast (D:6)
  An ogre (D:6)
  3 scorpions
  A jelly (D:5)
  2 hounds
  A bullfrog skeleton (D:4)
  An orc priest (D:3)
  3 orc wizards
  6 worker ants
  A mummy (Ossuary)
  2 worker ant zombies
  4 gnolls (D:4)
  6 adders
  A howler monkey skeleton (D:4)
  4 worms
  4 leopard geckos
  7 orcs
  2 ball pythons
  10 bats
  6 giant cockroaches
  7 goblins
  8 hobgoblins
  2 quokkas
  3 frilled lizards
  A jackal skeleton (D:4)
  3 kobolds
  A quokka skeleton (D:4)
  6 rats
97 creatures vanquished.

Vanquished Creatures (others)
  11 fungi (D:5)
11 creatures vanquished.

Grand Total: 108 creatures vanquished

Notes
Turn   | Place    | Note
-------+----------+-------------------------------------------
     0 | D:1      | Banto the Naga Transmuter began the quest for the Orb.
     0 | D:1      | Reached XP level 1. HP: 18/18 MP: 3/3
   144 | D:1      | Reached XP level 2. HP: 17/25 MP: 3/5
   853 | D:2      | Learned a level 2 spell: Sticks to Snakes
  1040 | D:2      | Reached XP level 3. HP: 29/31 MP: 6/6
  1557 | D:3      | Reached XP level 4. HP: 38/38 MP: 5/7
  1742 | D:2      | Reached skill level 4 in Unarmed Combat
  1863 | D:2      | Reached XP level 5. HP: 25/44 MP: 8/8
  2278 | D:3      | Learned a level 3 spell: Spider Form
  2497 | D:3      | Found a glowing golden altar of the Shining One.
  2873 | D:4      | Reached skill level 5 in Unarmed Combat
  2873 | D:4      | Reached XP level 6. HP: 42/51 MP: 7/9
  3492 | D:4      | Reached skill level 5 in Transmutations
  3888 | D:4      | Reached XP level 7. HP: 55/57 MP: 10/10
  4086 | D:5      | Entered Level 5 of the Dungeon
  4112 | D:4      | HP: 1/57 [worker ant (3)]
  4113 | D:4      | Gained mutation: You have a pair of small antennae on your head. [potion of mutation]
  4113 | D:4      | Gained mutation: You can exhale a cloud of poison. [potion of mutation]
  4399 | D:5      | Reached skill level 6 in Unarmed Combat
  4509 | D:5      | Found a snail-covered altar of Cheibriados.
  4514 | D:5      | Found a hide-covered altar of Uskayaw.
  4520 | D:5      | Became a worshipper of Cheibriados the Contemplative
  4640 | D:5      | Found a staircase to the Ecumenical Temple.
  4738 | Temple   | Entered the Ecumenical Temple
  5317 | D:6      | Gained mutation: Your mind is acute. (Int +2) [mutagenic meat]
  5318 | D:6      | Gained mutation: Your magical capacity is low. (-10% MP) [mutagenic meat]
  5365 | D:6      | Reached XP level 8. HP: 56/64 MP: 9/9
  5371 | D:6      | Found a sand-covered staircase.
  5380 | Ossuary  | Entered an ossuary
  5391 | Ossuary  | Reached skill level 7 in Unarmed Combat
  5393 | Ossuary  | Slain by a mummy

Vault maps used:
D:1:      ncdulo_halloftheorcs, wad_floor_pattern_1, serial_bayou_pond_d
D:2:      kennysheep_small_spiral
D:3:      lemuel_doored_altar, first_bread, minmay_misc_feat_pillars,
          minmay_misc_feat_ornament, serial_bayou_pond_d
D:5:      cheibriados_altar_1, grunt_temple_overflow_open,
          minmay_temple_entry_steel_oval, serial_aquarium,
          aquarium_bridge_long_separate, aquarium_bridge_square,
          aquarium_window_1, aquarium_window_1, aquarium_window_fake,
          aquarium_window_fake, aquarium_view_2b, aquarium_view_2g,
          aquarium_balcony_double_2, aquarium_pool_double, basic_altar,
          uniq_sigmund
D:6:      cheibrodos_barr_body, amethyst_overflow_temple_binary,
          nicolae_ossuary_entry_ruins, hangedman_abyss_or_decor_passed
Temple:   minmay_temple_bridge_d
Ossuary:  ossuary_minmay_chase

Skill      XL: |  1  2  3  4  5  6  7  8 |
---------------+-------------------------+-----
Transmutations | 3 4 5 6 |  6.7
Unarmed Combat | 4 5 6 7 |  7.0
Fighting       | |  1.0
Dodging        | |  1.5
Spellcasting   | |  2.0

Action                   |  1- 3 |  4- 6 |  7- 9 || total
-------------------------+-------+-------+-------++-------
Melee: Unarmed           |   104 |   149 |   108 ||   361
       Headbutt          |     6 |     8 |       ||    14
       Punch             |     2 |     4 |     3 ||     9
 Cast: Beastly Appendage |    12 |     7 |     1 ||    20
       Spider Form       |       |     1 |     1 ||     2
       Sticks to Snakes  |       |     1 |     2 ||     3
 Abil: Spit Poison       |    15 |    19 |     4 ||    38
       Breathe Poison Ga |       |       |     8 ||     8
  Use: Scroll            |     5 |     5 |     2 ||    12
       Potion            |       |     1 |     7 ||     8
 Stab: Sleeping          |     1 |     1 |     1 ||     3
  Eat: Chunk             |     2 |     8 |     8 ||    18
Armor: Robe              |    23 |    40 |    18 ||    81
Dodge: Dodged            |    48 |    74 |    87 ||   209

Table legend:
 A = Turns spent in this place as a percentage of turns spent in the entire game.
 B = Non-inter-level travel turns spent in this place as a percentage of non-inter-level travel turns spent in the entire game.
 C = Inter-level travel turns spent in this place as a percentage of turns spent in this place.
 D = Turns resting spent in this place as a percentage of non-inter-level travel turns spent in this place.
 E = Turns spent auto-exploring this place as a percentage of non-inter-level travel turns spent in this place.
 F = Non-inter-level travel turns spent in this place divided by the number of levels of this place that you've seen.
                   A       B       C       D       E      F
               +-------+-------+-------+-------+-------+----------------------
         Total | 100.0 | 100.0 |   0.4 |   5.7 |  11.7 | 172.8
       Dungeon |  99.0 |  99.0 |   0.4 |   5.8 |  11.8 | 228.0
        Temple |   0.1 |   0.1 |   0.0 |   0.0 |   0.0 |   1.0
       Ossuary |   0.9 |   0.9 |   0.0 |   0.0 |   0.0 |  13.0
               +-------+-------+-------+-------+-------+----------------------

Table legend:
 A = Kills in this place as a percentage of kills in entire the game.
 B = Kills by you in this place as a percentage of kills by you in the entire game.
 C = Kills by friends in this place as a percentage of kills by friends in the entire game.
 D = Other kills in this place as a percentage of other kills in the entire game.
 E = Experience gained in this place as a percentage of experience gained in the entire game.
 F = Experience gained in this place divided by the number of levels of this place that you have seen.
                   A       B       C       D       E      F
               +-------+-------+-------+-------+-------+----------------------
         Total | 100.0 | 100.0 |  -nan |  -nan | 100.0 | 164.4
       Dungeon |  99.0 |  99.0 |  -nan |  -nan |  98.6 | 216.2
       Ossuary |   1.0 |   1.0 |  -nan |  -nan |   1.4 |  18.0
               +-------+-------+-------+-------+-------+----------------------
